[Event "*** SCC Grand Prix: Titled Tuesday Blitz"]
[Site "Chess.com"]
[Date "2020.10.13"]
[Round "2"]
[White "Stalri"]
[Black "Inga83"]
[Result "0-1"]
[WhiteElo "2170"]
[BlackElo "2410"]
[TimeControl "180+1"]
[EndTime "10:19:48 PDT"]
[Termination "Inga83 won by checkmate"]

1. d4 Nf6 2. c4 e6 3. h4 c5 4. d5 b5 5. Nf3 bxc4 6. Nc3 Bb7 7. e4 Qa5 8. Bd2 Qb6 9. Bxc4 Be7 10. h5 h6 11. Qc2 exd5 12. exd5 d6 13. Kf1 O-O 14. Re1 Bd8 15. Nh4 Ba6 16. b3 Bxc4+ 17. bxc4 Qa6 18. Qd3 Nbd7 19. Nb5 Ne5 20. Qe2 Re8 21.
Nf5 Neg4 22. Qd3 Rxe1+ 23. Bxe1 Qxa2 24. Nbxd6 Ba5 25. Qe2 Qb1 26. f3 g6 27. Ne7+ Kg7 28.
fxg4 Nxg4 29. Rh3 Rd8 30. Nb7 Qxb7 31. Bxa5 Qb1+ 32. Qe1 Qxe1+ 33. Bxe1 Re8 34. Bc3+ Kh7 35. Nc6 Ne3+ 36. Kg1 Nxc4 37. hxg6+ fxg6 38. Rf3 Kg8 39. Rf6 g5 40. Rg6+ Kf7 41. Rg7+ Kf8 42. Rh7 Re3 43. Bf6 Re1+ 44. Kh2 Ne3 45. Nd8 Ng4+ 46. Kg3 Nxf6 47. Rxh6 Ne4+ 48. Kf3 Nd2+ 49. Kf2 Re5 50. Ne6+ Ke7 51.
Rh7+ Kd6 52. Nd8 Rf5+ 53. Ke2 Nc4 54. Rxa7 Kxd5 55. Rd7+ Nd6 56. Nb7 Kc6 57. Rh7 Nxb7 58. Ke3 Nd6 59. g4 Rf4 60. Rg7 Rxg4 61. Rg6 Kd5 62. Kf3 Rf4+ 63. Kg3 Rf5 64. Kg4 Re5 65.
Rf6 c4 66. Rf3 c3 67. Rxc3 Ne4 68. Ra3 Ke6 69. Ra6+ Nd6 70. Rc6 Ra5 71. Rb6 Rc5 72. Ra6 Rb5 73. Rc6 Kd7 74. Rc1 Nf7 75. Rd1+ Ke7 76. Re1+ Kf6 77. Rf1+ Kg6 78. Rc1 Nh6+ 79. Kg3 Rb3+ 80. Kg2 Nf5 81. Rc6+ Kh5 82. Rc5 Kg4 83.
Rc4+ Kh5 84. Rc5 Nh4+ 85. Kh2 Rb2+ 86. Kg3 Rg2+ 87. Kh3 Re2 88. Kg3 Re3+ 89. Kf2 Ra3 90. Kg1 Kg4 91. Rc4+ Kg3 92. Rc1 Nf3+ 93. Kh1 Ra2 94.
Rc2 Ra1+ 95. Rc1 Rxc1# 0-1

[Event "*** SCC Grand Prix: Titled Tuesday Blitz"]
[Site "Chess.com"]
[Date "2020.10.13"]
[Round "2"]
[White "LiamVrolijk"]
[Black "szachuspl"]
[Result "1-0"]
[WhiteElo "2834"]
[BlackElo "2555"]
[TimeControl "180+1"]
[EndTime "10:20:21 PDT"]
[Termination "LiamVrolijk won by resignation"]

1. d4 Nf6 2. c4 g6 3. Nc3 Bg7 4. e4 d6 5. Nf3 O-O 6. Be2 Na6 7. O-O e5 8. Be3 Ng4 9. Bg5 Qe8 10. Re1 c6 11. h3 Nf6 12. d5 h6 13. Be3 c5 14. Qd2 Kh7 15. a3 Bd7 16. Rab1 Qe7 17. b4 b6 18. Qc2 Nh5 19. Bf1 f5 20. exf5 gxf5 21. g4 Nf6 22. Nh4 Nxg4 23. hxg4 Qxh4 24. gxf5 Bxf5 25. Bd3 Qg4+ 26. Kf1 Kh8 27. Bxf5 Rxf5 28. Qe4 Qh5 29. Ne2 Raf8 30. Ng3 Qh3+ 31. Qg2 Qxg2+ 32. Kxg2 R5f7 33. Rh1 Kh7 34. Ne4 Rd7 35. Ng5+ Kg8 36. Ne6 Rf6 37. bxc5 Nxc5 38. Bxc5 bxc5 39. Rb8+ Kh7 40.
Ng5+ Kg6 41. Ne4 Rf8 42. Rb3 Rf4 43. f3 h5 44. Kf2 Bh6 45. Rg1+ Kh7 46. Ke2 Rf8 47.
Rbb1 Bf4 48. Rh1 Kh6 49. Rh3 Rf5 50. Rb8 Kg7 51. Rb1 Kh6 52. Rb8 Kg7 53. Rh1 Kh7 54. Rg1 Rff7 55. Rgg8 Kh6 56. Rg2 h4 57. Rg4 Bg3 58.
Nxg3 hxg3 59. Rb1 Rf5 60. Rxg3 Rg5 61. Rh1+ Kg6 62. Rgh3 Kf5 63. Rh8 Rg6 64. Ke3 Kf6 65. Rf8+ Rf7 66. Rd8 Ke7 67. Ra8 Rgf6 68. Rxa7+ Kf8 69.
Rh8+ Kg7 70. Rxf7+ Kxf7 71. Ra8 Rh6 72. a4 Rh1 73. a5 Ra1 74. a6 Kg7 75. a7 Ra4 76.
Kf2 Kh7 77. Kg3 Kg7 78. Kf2 Kh7 79. Ke2 Ra3 80. Kd2 Kg7 81. Kc2 Kh7 82. Kb2 Ra4 83. Kb3 Ra6 84. Kc3 Ra3+ 85. Kd2 Kg7 86. Ke2 Kh7 87. Kf2 Kg7 88. Kg3 e4 89. Rd8 Rxa7 90.
Rxd6 exf3 91. Rc6 Ra5 92. Kxf3 Kf7 93. Ke4 Ke7 94. Ke5 Kd7 95. Rh6 Ra1 96. Rh7+ Ke8 97.
Kd6 Ra5 98. Rc7 Ra6+ 99. Kxc5 Kd8 100. Rh7 Ra5+ 101. Kd4 Ra4 102. d6 Ra1 103. Kd5 Ra6 104. c5 1-0

[Event "*** SCC Grand Prix: Titled Tuesday Blitz"]
[Site "Chess.com"]
[Date "2020.10.13"]
[Round "2"]
[White "NiranjanNavalgund"]
[Black "SergeyShtyka"]
[Result "1-0"]
[WhiteElo "2446"]
[BlackElo "2223"]
[TimeControl "180+1"]
[EndTime "10:21:25 PDT"]
[Termination "NiranjanNavalgund won on time"]

1. d4 c5 2. dxc5 e5 3. Nf3 Nc6 4. Nbd2 Bxc5 5. Ne4 Be7 6. Nd6+ Bxd6 7. Qxd6 Qe7 8. Qxe7+ Ngxe7 9. e4 d5 10. exd5 Nxd5 11.
Bc4 Nb6 12. Bb5 f6 13. O-O Bd7 14. Be3 Nd5 15. Bc5 a6 16. Bc4 Nf4 17. Rfd1 O-O-O 18. Bb6 Rde8 19. g3 Bg4 20. gxf4 Bxf3 21. Rd3 Be4 22. Rg3 g6 23. fxe5 Nxe5 24. Be2 Re6 25. Rc3+ Rc6 26. Rxc6+ Bxc6 27. f4 Nd7 28. Bd4 Re8 29.
Kf2 Be4 30. Rd1 f5 31. c4 Kc7 32. b4 Nf8 33. Be5+ Kc8 34. c5 Nd7 35. Bd4 Bc6 36. Bd3 Be4 37. Bc4 Bc6 38. Bd3 Be4 39. Bf1 Bc6 40.
a3 Re4 41. Kg3 g5 42. fxg5 Rg4+ 43. Kf2 Rxg5 44. h3 f4 45. Bd3 Rg2+ 46. Kf1 Ra2 47. Bxh7 Rxa3 48. Bf5 Rb3 49. Be5 Rxb4 50. h4 f3 51. Bg3 Rc4 52. Re1 Kd8 53. h5 Rxc5 54.
Bh4+ Kc7 55. Bg3+ Kd8 56. Bh4+ Kc7 57. Bg4 Bb5+ 58. Kg1 Rc4 59. Bg3+ Kb6 60. Bxf3 Rc3 61. Bf2+ Kc7 62. Bg2 Nc5 63. Re7+ Kd6 64. Rg7 Rc1+ 65. Kh2 Nd3 66. Bg3+ Ke6 67. h6 Ne5 68. Rxb7 Ng4+ 69. Kh3 Nxh6 70. Rb6+ Kf5 71. Rxh6 Bd7 72. Kh2 Kg5 73. Rxa6 Bb5 74. Ra5 Rb1 75. Bc6 Kg4 76. Bxb5 Rb2+ 77. Kg1 Kxg3 78. Ra3+ Kf4 79. Bf1 Rd2 80.
Ra4+ Ke5 81. Bg2 Kf6 82. Kh2 Ke5 83. Kg3 Rd3+ 84. Bf3 Rc3 85. Rh4 Kd6 86. Kf4 Rc4+ 87. Be4 Rb4 88. Rh6+ Kc5 89. Ke5 Kc4 90. Rc6+ Kb3 91.
Bd5+ Kb2 92. Kd6 Rh4 93. Kc5 Kc3 94. Rg6 Kd2 95. Rg3 Ke2 96. Bc4+ Kf2 97. Ra3 Rh5+ 98. Kd4 Rh4+ 99. Kc3 Rh3+ 100. Bd3 Ke3 101. Ra8 Rh6 102. Re8+ Kf4 103. Bc4 Rf6 104. Kd4 Kf3 105. Re3+ Kf4 106. Bd5 Rh6 107. Rf3+ Kg4 108. Rf8 Rb6 109. Ke5 Rb5 110. Rg8+ Kh4 111. Kf4 Kh5 112. Be4 Kh6 113. Rg6+ Kh5 114. Rg7 Rb6 115. Rg2 Kh6 116. Rg8 Rf6+ 117. Bf5 Rf7 118. Rg6+ Kh5 119. Rg3 Kh6 120. Rg6+ Kh5 121. Ra6 Kh4 122. Ra8 Rxf5+ 123.
Kxf5 Kg3 124. Rf8 Kf3 125. Rf7 1-0

[Event "*** SCC Grand Prix: Titled Tuesday Blitz"]
[Site "Chess.com"]
[Date "2020.10.13"]
[Round "3"]
[White "googlegoom"]
[Black "IMDT02"]
[Result "0-1"]
[WhiteElo "2377"]
[BlackElo "2573"]
[TimeControl "180+1"]
[EndTime "10:23:57 PDT"]
[Termination "IMDT02 won by resignation"]

1. Nf3 d5 2. b3 Nf6 3. Bb2 e6 4. e3 Be7 5. Be2 O-O 6. O-O Nbd7 7. d4 Ne4 8. Nbd2 Nxd2 9. Qxd2 b6 10. c4 Bb7 11.
Rac1 dxc4 12. Rxc4 Bd6 13. Rfc1 Nf6 14. Ne5 Bxe5 0-1

[Event "*** SCC Grand Prix: Titled Tuesday Blitz"]
[Site "Chess.com"]
[Date "2020.10.13"]
[Round "3"]
[White "ApacheSVD"]
[Black "CaspiIsrael"]
[Result "0-1"]
[WhiteElo "2393"]
[BlackElo "2589"]
[TimeControl "180+1"]
[EndTime "10:24:07 PDT"]
[Termination "CaspiIsrael won by checkmate"]

1. e4 e5 2. Nf3 Nc6 3. Nc3 Nf6 4. a3 d5 5. Bb5 Nxe4 6. Qe2 Qd6 7. Nxe4 dxe4 8. Qxe4 Bd7 9. d4 O-O-O 10. dxe5 Nxe5 11.
Nxe5 Bxb5 12. Nxf7 Qd1# 0-1

[Event "*** SCC Grand Prix: Titled Tuesday Blitz"]
[Site "Chess.com"]
[Date "2020.10.13"]
[Round "3"]
[White "Aygehovit1992"]
[Black "mjray79"]
[Result "1-0"]
[WhiteElo "2626"]
[BlackElo "2420"]
[TimeControl "180+1"]
[EndTime "10:24:16 PDT"]
[Termination "Aygehovit1992 won by resignation"]

1. e4 e5 2. Nf3 Nc6 3. Bb5 a6 4. Ba4 Nf6 5. d3 b5 6. Bb3 Bc5 7. c3 Bb7 8. Bg5 h6 9. Bh4 Be7 10. O-O d6 11. Nbd2 Nb8 12. Re1 Nbd7 13. Nf1 O-O 14. Ne3 g6 15. Qd2 Re8 16. Bg3 Bf8 17. Nh4 Kh7 18. Bxf7 Re7 19. Bxg6+ Kh8 20. Nef5 1-0

[Event "*** SCC Grand Prix: Titled Tuesday Blitz"]
[Site "Chess.com"]
[Date "2020.10.13"]
[Round "3"]
[White "ASVZ"]
[Black "731291"]
[Result "1-0"]
[WhiteElo "2442"]
[BlackElo "2629"]
[TimeControl "180+1"]
[EndTime "10:24:18 PDT"]
[Termination "ASVZ won by checkmate"]

1. e4 c5 2. c3 Nf6 3. e5 Nd5 4. d4 cxd4 5. Qxd4 Nc7 6. Nf3 Nc6 7. Qh4 e6 8. Bg5 Be7 9. Bxe7 Qxe7 10. Qg3 O-O 11. Bd3 b6 12. Bxh7+ Kxh7 13. Ng5+ Kh6 14. f4 Kg6 15. Nxe6+ Kh7 16. Qxg7# 1-0

[Event "*** SCC Grand Prix: Titled Tuesday Blitz"]
[Site "Chess.com"]
[Date "2020.10.13"]
[Round "3"]
[White "MatyChess1"]
[Black "chessfrendz"]
[Result "1-0"]
[WhiteElo "2575"]
[BlackElo "2379"]
[TimeControl "180+1"]
[EndTime "10:24:21 PDT"]
[Termination "MatyChess1 won by resignation"]

1. e4 c5 2. Nf3 d6 3. Nc3 Nf6 4. e5 dxe5 5. Nxe5 a6 6. g3 e6 7. Bg2 Bd6 8. d4 cxd4 9. Qxd4 O-O 10. Bf4 Qc7 11. O-O-O Nc6 12. Qxd6 Qxd6 13. Rxd6 Nxe5 14. Bxe5 Ng4 15. Bd4 e5 16. Bb6 Be6 17. h3 Nf6 18. Rhd1 h6 19. Rd8 Raxd8 20. Rxd8 Rxd8 21. Bxd8 1-0

[Event "*** SCC Grand Prix: Titled Tuesday Blitz"]
[Site "Chess.com"]
[Date "2020.10.13"]
[Round "3"]
[White "anon102030"]
[Black "ama18"]
[Result "1-0"]
[WhiteElo "2726"]
[BlackElo "2446"]
[TimeControl "180+1"]
[EndTime "10:24:29 PDT"]
[Termination "anon102030 won by resignation"]

1. e4 c5 2. Nc3 Nc6 3. g3 g6 4. Bg2 Bg7 5. d3 e6 6. Be3 d6 7. Nf3 Nd4 8. O-O Ne7 9. Nh4 O-O 10. f4 Rb8 11. Qd2 b5 12. Rae1 b4 13. Nd1 a5 14.
c3 bxc3 15. bxc3 Ndc6 16. f5 exf5 17. exf5 gxf5 18. Bh6 Ne5 19. Bxg7 Kxg7 20. Ne3 N5g6 21. Nexf5+ Nxf5 22.
Nxf5+ Bxf5 23. Rxf5 f6 24. Rh5 Kh8 25. Qh6 Rf7 26. Qxg6 Rg7 27. Qf5 Rb2 28. Bc6 1-0

[Event "*** SCC Grand Prix: Titled Tuesday Blitz"]
[Site "Chess.com"]
[Date "2020.10.13"]
[Round "3"]
[White "smshk35"]
[Black "KuzubovYuriy"]
[Result "0-1"]
[WhiteElo "2467"]
[BlackElo "2881"]
[TimeControl "180+1"]
[EndTime "10:24:40 PDT"]
[Termination "KuzubovYuriy won by resignation"]

1. e4 c5 2. Nf3 Nc6 3. d4 cxd4 4. Nxd4 Nf6 5. Nc3 e5 6. Ndb5 d6 7. Bg5 Be7 8. Bxf6 gxf6 9. Nd5 O-O 10. Bd3 Kh8 11. c3 Rg8 12. Qf3 Bg4 13. Qe3 Be6 14. Na3 f5 15. Nxe7 Nxe7 16. exf5 Nxf5 17. Qh3 Nh4 0-1

[Event "*** SCC Grand Prix: Titled Tuesday Blitz"]
[Site "Chess.com"]
[Date "2020.10.13"]
[Round "3"]
[White "Smirnov_Pavel"]
[Black "tlomigtlis"]
[Result "1-0"]
[WhiteElo "2835"]
[BlackElo "2630"]
[TimeControl "180+1"]
[EndTime "10:24:43 PDT"]
[Termination "Smirnov_Pavel won by resignation"]

1. d4 d5 2. c4 c6 3. cxd5 cxd5 4. Bf4 Nf6 5. e3 a6 6. Nc3 Nc6 7. Be2 Bf5 8. Nf3 e6 9. Qb3 Bb4 10. Ne5 O-O 11. Nxc6 Bxc3+ 12. Qxc3 bxc6 13. O-O Qb6 14. Rac1 Ne4 15. Qa3 Rfc8 16. f3 Nf6 17. Rc3 Nd7 18.
Rfc1 a5 19. Rb3 Qa7 20. Qd6 c5 21. dxc5 Nxc5 22. Rbc3 1-0

[Event "*** SCC Grand Prix: Titled Tuesday Blitz"]
[Site "Chess.com"]
[Date "2020.10.13"]
[Round "3"]
[White "Gerodot71"]
[Black "VerdeNotte"]
[Result "0-1"]
[WhiteElo "2459"]
[BlackElo "2825"]
[TimeControl "180+1"]
[EndTime "10:24:47 PDT"]
[Termination "VerdeNotte won by resignation"]

1. d4 Nf6 2. c4 d6 3. Nc3 g6 4.
e4 Bg7 5. Be2 O-O 6. Be3 c5 7.
dxc5 dxc5 8. e5 Nfd7 9. f4 Nc6 10. Nf3 b6 11. O-O Bb7 12. Qc2 e6 13. Rad1 f6 14.
Rd6 fxe5 15. Rfd1 Nd4 16. Qd2 Qe7 17. fxe5 Nxe5 18. Rxd4 Nxf3+ 19. gxf3 cxd4 20. Bxd4 Rad8 0-1

[Event "*** SCC Grand Prix: Titled Tuesday Blitz"]
[Site "Chess.com"]
[Date "2020.10.13"]
[Round "3"]
[White "aloe_normansen"]
[Black "picturesquecheck"]
[Result "1-0"]
[WhiteElo "2357"]
[BlackElo "2210"]
[TimeControl "180+1"]
[EndTime "10:24:48 PDT"]
[Termination "aloe_normansen won by resignation"]

1. e4 c5 2. Nf3 Nc6 3. d4 cxd4 4. Nxd4 Nf6 5. Nc3 d6 6. Bc4 Qb6 7. Be3 Qxb2 8. Ndb5 Qb4 9. Qe2 Qa5 10. Bd2 Qd8 11. Nd5 Nxd5 12. exd5 Ne5 13. Bb3 g6 14. f4 Bg4 15.
Qe3 a6 16. Na3 Nd7 17. Bc3 Nf6 18. Bxf6 Rg8 19. O-O Bh6 20. Rae1 1-0

[Event "*** SCC Grand Prix: Titled Tuesday Blitz"]
[Site "Chess.com"]
[Date "2020.10.13"]
[Round "3"]
[White "GianmarcoVaR"]
[Black "chito89"]
[Result "1-0"]
[WhiteElo "2593"]
[BlackElo "2792"]
[TimeControl "180+1"]
[EndTime "10:24:54 PDT"]
[Termination "GianmarcoVaR won by checkmate"]

1. d4 Nf6 2. c4 e6 3. g3 Bb4+ 4. Bd2 a5 5. Bg2 O-O 6. Nf3 d5 7. Qc2 c5 8. dxc5 d4 9. Bxb4 axb4 10. Nbd2 Nc6 11. O-O Qe7 12. Ng5 e5 13. Nde4 Ne8 14. Nxh7 f5 15. Nxf8 Qxf8 16. Ng5 Qxc5 17. Bd5+ Kf8 18.
Be6 Ne7 19. Nh7# 1-0

[Event "*** SCC Grand Prix: Titled Tuesday Blitz"]
[Site "Chess.com"]
[Date "2020.10.13"]
[Round "3"]
[White "AlexSuv"]
[Black "abhidabhi"]
[Result "1-0"]
[WhiteElo "2539"]
[BlackElo "2752"]
[TimeControl "180+1"]
[EndTime "10:24:56 PDT"]
[Termination "AlexSuv won by resignation"]

1. d4 Nf6 2. c4 e6 3. Nc3 Bb4 4.
e3 d5 5. Bd2 O-O 6. Nf3 b6 7.
cxd5 exd5 8. Rc1 c6 9. Bd3 Re8 10. Ne5 Bd6 11. f4 c5 12. O-O Bd7 13. Qf3 cxd4 14.
exd4 Nc6 15. Nxd5 Nxd4 16. Nxf6+ Qxf6 17. Qe4 Nf5 18. Nxd7 Bc5+ 19. Rxc5 1-0

[Event "*** SCC Grand Prix: Titled Tuesday Blitz"]
[Site "Chess.com"]
[Date "2020.10.13"]
[Round "3"]
[White "Baby_Legs"]
[Black "Zhigalko_Sergei"]
[Result "0-1"]
[WhiteElo "2697"]
[BlackElo "2930"]
[TimeControl "180+1"]
[EndTime "10:24:58 PDT"]
[Termination "Zhigalko_Sergei won by resignation"]

1. c4 e5 2. d3 Nf6 3. Nc3 Nc6 4.
g3 Bc5 5. Bg2 d6 6. e3 O-O 7.
Nge2 a5 8. O-O h6 9. h3 Re8 10. Kh2 Ba7 11. b3 Bf5 12. Bb2 Qd7 13. Qd2 Bh7 14.
Rad1 Rad8 15. a3 Ne7 16. b4 axb4 17. axb4 c6 18. Ra1 Bb8 19. b5 d5 20. bxc6 bxc6 21. cxd5 cxd5 22. Na4 Qb5 23. Rfd1 h5 24. Rab1 Qxa4 0-1

[Event "*** SCC Grand Prix: Titled Tuesday Blitz"]
[Site "Chess.com"]
[Date "2020.10.13"]
[Round "3"]
[White "JosefineHeinemann"]
[Black "LiamVrolijk"]
[Result "0-1"]
[WhiteElo "2631"]
[BlackElo "2838"]
[TimeControl "180+1"]
[EndTime "10:25:01 PDT"]
[Termination "LiamVrolijk won by resignation"]

1. e4 g6 2. d4 Bg7 3. Nc3 d6 4. Nf3 a6 5. a4 Nf6 6. Be2 Nc6 7. O-O O-O 8. h3 Nd7 9. Be3 e5 10. dxe5 Ndxe5 11. Nxe5 Nxe5 12. f4 Nc6 13. Qd2 Re8 14.
Bf3 Bd7 15. Kh1 Nb4 16. Rad1 a5 17. b3 Bc6 18. Nd5 Bxd5 19. exd5 Nxc2 20. Bf2 Nb4 21. f5 Qf6 22. fxg6 hxg6 23. Qc1 Re7 24. Rde1 Nd3 25. Qc4 Nxf2+ 0-1

[Event "*** SCC Grand Prix: Titled Tuesday Blitz"]
[Site "Chess.com"]
[Date "2020.10.13"]
[Round "3"]
[White "Quiet_Desperation"]
[Black "SophieNikoladze"]
[Result "1-0"]
[WhiteElo "1904"]
[BlackElo "2242"]
[TimeControl "180+1"]
[EndTime "10:25:04 PDT"]
[Termination "Quiet_Desperation won by resignation"]

1. e4 d6 2. d4 Nf6 3. Nc3 e5 4.
Nf3 exd4 5. Qxd4 Be7 6. Bf4 O-O 7. O-O-O Nc6 8. Qd2 a6 9. h3 b5 10. Bd3 Rb8 11. g4 b4 12. Nd5 Nxd5 13. exd5 Na7 14. Rhe1 a5 15. Qe3 Bf6 16. Qxa7 Rb6 17. Be3 Rb7 18.
Qxa5 Bd7 19. Bd4 Bxd4 20. Nxd4 Qg5+ 21. Kb1 Rfb8 22. h4 Qxg4 23. Nc6 Bxc6 24. dxc6 Rb6 25. Qa7 1-0

[Event "*** SCC Grand Prix: Titled Tuesday Blitz"]
[Site "Chess.com"]
[Date "2020.10.13"]
[Round "3"]
[White "maximnovik"]
[Black "swimmerchess"]
[Result "0-1"]
[WhiteElo "2538"]
[BlackElo "2773"]
[TimeControl "180+1"]
[EndTime "10:25:06 PDT"]
[Termination "swimmerchess won by resignation"]

1. Nf3 Nf6 2. g3 g6 3. Bg2 Bg7 4. c4 O-O 5. d4 d6 6. O-O Nbd7 7. Nc3 e5 8. h3 Re8 9. e4 exd4 10. Nxd4 a6 11. b3 Rb8 12. Be3 c5 13. Nde2 b5 14. cxb5 axb5 15. Qc2 b4 16. Na4 Bb7 17. f3 d5 18. Nxc5 Nxc5 19. Qxc5 dxe4 20. Rad1 Nd7 21. Qb5 exf3 22. Rxd7 fxg2 23. Rxd8 gxf1=Q+ 24. Kxf1 Rexd8 25. Bf4 Bg2+ 0-1

[Event "*** SCC Grand Prix: Titled Tuesday Blitz"]
[Site "Chess.com"]
[Date "2020.10.13"]
[Round "3"]
[White "AlexeiShirov"]
[Black "Sven_Tica"]
[Result "1-0"]
[WhiteElo "2853"]
[BlackElo "2640"]
[TimeControl "180+1"]
[EndTime "10:25:09 PDT"]
[Termination "AlexeiShirov won by resignation"]

1. e4 c6 2. d4 d5 3. e5 Bf5 4. Nf3 e6 5. Be2 Ne7 6. O-O Nd7 7. Nh4 h6 8. Nxf5 Nxf5 9. c3 a6 10. Nd2 c5 11. Nf3 Be7 12. Bd3 g6 13. g4 Nh4 14.
Nxh4 Bxh4 15. f4 h5 16. f5 gxf5 17. gxf5 Nf8 18. Qf3 Qd7 19. Kh1 O-O-O 20. f6 Ng6 21. Qh3 1-0

[Event "*** SCC Grand Prix: Titled Tuesday Blitz"]
[Site "Chess.com"]
[Date "2020.10.13"]
[Round "3"]
[White "seorobert1971"]
[Black "LiemLe"]
[Result "0-1"]
[WhiteElo "2720"]
[BlackElo "2983"]
[TimeControl "180+1"]
[EndTime "10:25:10 PDT"]
[Termination "LiemLe won by resignation"]

1. c4 e5 2. Nc3 Nf6 3. Nf3 Nc6 4. g3 Bc5 5. Bg2 d6 6. d3 a6 7. O-O O-O 8. Bg5 h6 9. Bxf6 Qxf6 10. Ne4 Qe7 11. Nxc5 dxc5 12. Nd2 Nd4 13. e3 Ne6 14. Qe2 Rd8 15. Rfd1 a5 16. Nb1 Ra6 17.
Nc3 Rad6 18. Ne4 R6d7 19. Bh3 b6 20. Nc3 Bb7 21. Bg2 Bxg2 22. Kxg2 Rd6 23. Ne4 R6d7 24. Nc3 Qd6 25. Rd2 Qc6+ 26. Kg1 Ng5 27. Nd5 Rxd5 28. cxd5 Qxd5 29. Rdd1 Nh3+ 0-1

[Event "*** SCC Grand Prix: Titled Tuesday Blitz"]
[Site "Chess.com"]
[Date "2020.10.13"]
[Round "3"]
[White "Nemsko"]
[Black "DenLaz"]
[Result "0-1"]
[WhiteElo "2364"]
[BlackElo "2806"]
[TimeControl "180+1"]
[EndTime "10:25:10 PDT"]
[Termination "DenLaz won by resignation"]

1. e4 e5 2. Nf3 Nc6 3. Bb5 a6 4. Ba4 d6 5. h3 Bd7 6. c3 g6 7. O-O Bg7 8. d4 Nf6 9. Re1 O-O 10. d5 Ne7 11. Bc2 h6 12. c4 Ne8 13.
Nc3 f5 14. b4 f4 15. c5 g5 16. a4 Ng6 17. Ba3 h5 18. b5 g4 19. Nh2 f3 20. g3 h4 21. Nxg4 hxg3 22. Re3 Bxg4 23. hxg4 Qh4 24. Rxf3 Qh2+ 25. Kf1 Qh1+ 0-1

[Event "*** SCC Grand Prix: Titled Tuesday Blitz"]
[Site "Chess.com"]
[Date "2020.10.13"]
[Round "3"]
[White "Bulldog167"]
[Black "Ind1anStar"]
[Result "1-0"]
[WhiteElo "2749"]
[BlackElo "2449"]
[TimeControl "180+1"]
[EndTime "10:25:11 PDT"]
[Termination "Bulldog167 won by resignation"]

1. d4 d5 2. c4 e6 3. Nc3 Be7 4. Nf3 Nf6 5. Bg5 O-O 6. e3 Nbd7 7. Qc2 a6 8. Rd1 Re8 9. a3 h6 10. Bh4 dxc4 11. Bxc4 b5 12. Ba2 Bb7 13. Ne5 Qc8 14.
Bb1 Nf8 15. O-O c5 16. dxc5 Qxc5 17. Bxf6 Bxf6 18. Nd7 Qg5 19. f4 Qg6 20. Qe2 1-0

[Event "*** SCC Grand Prix: Titled Tuesday Blitz"]
[Site "Chess.com"]
[Date "2020.10.13"]
[Round "3"]
[White "Ze-Pequeno"]
[Black "Obito24"]
[Result "1-0"]
[WhiteElo "2160"]
[BlackElo "2517"]
[TimeControl "180+1"]
[EndTime "10:25:15 PDT"]
[Termination "Ze-Pequeno won by resignation"]

1. e4 c5 2. Nf3 d6 3. d4 cxd4 4. Nxd4 Nf6 5. Nc3 a6 6. f4 e6 7. Qf3 Be7 8. g4 e5 9. Nf5 O-O 10. g5 Nfd7 11. Nxe7+ Qxe7 12. Nd5 Qd8 13. f5 Nc6 14. Be3 Nd4 15. Qf2 Nc5 16. Bg2 Qa5+ 17. b4 Qa3 18. bxc5 Qc3+ 19. Nxc3 1-0

[Event "*** SCC Grand Prix: Titled Tuesday Blitz"]
[Site "Chess.com"]
[Date "2020.10.13"]
[Round "3"]
[White "Samantha_Ross"]
[Black "Castleqweenside7447"]
[Result "1/2-1/2"]
[WhiteElo "2274"]
[BlackElo "2444"]
[TimeControl "180+1"]
[EndTime "10:25:17 PDT"]
[Termination "Game drawn by agreement"]

1. e4 c6 2. Nf3 d5 3. Nc3 dxe4 4. Nxe4 Bf5 5. Ng3 Bg4 6. h3 Bxf3 7. Qxf3 Nd7 8. d4 e6 9. c3 Ngf6 10. Bd3 Bd6 11. Bg5 Qc7 12. O-O-O h6 13. Bxf6 Nxf6 14. Ne4 Nxe4 15. Qxe4 O-O-O 16. Kb1 Kb8 17. Qg4 g6 18. Rhe1 h5 19. Qf3 a6 20. Qf6 Qe7 21. Qxe7 Bxe7 22.
g3 c5 23. dxc5 Bxc5 24. Rf1 Rd7 25. Be2 Rhd8 26. Rxd7 Rxd7 27. Kc2 Kc7 28. f3 Be3 29. Rd1 Rxd1 30. Bxd1 Bf2 31. g4 h4 1/2-1/2

[Event "*** SCC Grand Prix: Titled Tuesday Blitz"]
[Site "Chess.com"]
[Date "2020.10.13"]
[Round "3"]
[White "bgfbfbgfbgfgf"]
[Black "valeriocarnicelli"]
[Result "1-0"]
[WhiteElo "2783"]
[BlackElo "2538"]
[TimeControl "180+1"]
[EndTime "10:25:21 PDT"]
[Termination "bgfbfbgfbgfgf won by resignation"]

1. e4 c5 2. Nc3 Nc6 3. Nge2 g6 4. d4 cxd4 5. Nxd4 Bg7 6. Be3 Nf6 7. Nxc6 bxc6 8. e5 Ng8 9. Bd4 Qa5 10. Bc4 Bxe5 11. O-O Nf6 12. Re1 Bxd4 13. Qxd4 O-O 14. Rxe7 Qg5 15. h4 Qf5 16. Bd3 c5 17. Qd6 Ne8 18. Rxe8 1-0

[Event "*** SCC Grand Prix: Titled Tuesday Blitz"]
[Site "Chess.com"]
[Date "2020.10.13"]
[Round "3"]
[White "Vandros57"]
[Black "GM4life"]
[Result "0-1"]
[WhiteElo "2186"]
[BlackElo "2350"]
[TimeControl "180+1"]
[EndTime "10:25:29 PDT"]
[Termination "GM4life won by resignation"]

1. d4 Nf6 2. Nf3 d5 3. c4 e6 4.
Nc3 c6 5. Bg5 h6 6. Bxf6 Qxf6 7.
e3 Bb4 8. Rc1 O-O 9. Be2 dxc4 10.
Bxc4 b5 11. Bd3 Nd7 12. O-O Bb7 13. a3 Bxc3 14. Rxc3 e5 15. dxe5 Nxe5 16. Nxe5 Qxe5 17. Qc2 Rad8 18. b4 Rd6 19. Be4 Rc8 20. Rc1 Rcd8 21.
g3 Rd2 22. Qb1 Qf6 23. Rf1 Qxc3 0-1

[Event "*** SCC Grand Prix: Titled Tuesday Blitz"]
[Site "Chess.com"]
[Date "2020.10.13"]
[Round "3"]
[White "canary2016"]
[Black "Sanyura"]
[Result "0-1"]
[WhiteElo "1950"]
[BlackElo "2482"]
[TimeControl "180+1"]
[EndTime "10:25:31 PDT"]
[Termination "Sanyura won by checkmate"]

1. d4 Nf6 2. c4 c5 3. d5 b5 4. cxb5 a6 5. e3 g6 6. Nc3 Bg7 7. Nf3 O-O 8. Be2 e6 9. O-O axb5 10. Bxb5 Bb7 11. dxe6 fxe6 12. a4 d5 13. Qc2 Nc6 14. Rd1 Nb4 15. Qe2 Qb6 16. Bd2 d4 17. exd4 cxd4 18.
Na2 Nxa2 19. Rxa2 Nd5 20. Raa1 Nf4 21. Bxf4 Rxf4 22. Nd2 d3 23. Qxd3 Qxf2+ 24. Kh1 Bxg2# 0-1

[Event "*** SCC Grand Prix: Titled Tuesday Blitz"]
[Site "Chess.com"]
[Date "2020.10.13"]
[Round "3"]
[White "sopo-tereladze"]
[Black "WiktoriaPOL"]
[Result "0-1"]
[WhiteElo "2288"]
[BlackElo "2064"]
[TimeControl "180+1"]
[EndTime "10:25:33 PDT"]
[Termination "WiktoriaPOL won by resignation"]

1. e4 c5 2. Nf3 g6 3. d4 cxd4 4. Qxd4 Nf6 5. e5 Nc6 6. Qa4 Nd5 7. c4 Nb6 8. Qc2 Bg7 9. Bf4 O-O 10. Nc3 a6 11. a3 d6 12. exd6 exd6 13. O-O-O Qf6 14.
Bg5 Qf5 15. Bd3 Qg4 16. h3 Qxg2 17. Be4 f5 18. Rdg1 Qxh1 19. Rxh1 fxe4 20. Nxe4 Rxf3 21. Nxd6 Nd4 22. Qe4 Bf5 23. Qd5+ Nxd5 0-1

[Event "*** SCC Grand Prix: Titled Tuesday Blitz"]
[Site "Chess.com"]
[Date "2020.10.13"]
[Round "3"]
[White "Tenamu"]
[Black "chess94cu"]
[Result "0-1"]
[WhiteElo "2364"]
[BlackElo "2567"]
[TimeControl "180+1"]
[EndTime "10:25:36 PDT"]
[Termination "chess94cu won by resignation"]

1. d4 Nf6 2. Nc3 e6 3. e4 d5 4.
exd5 exd5 5. Bd3 Bd6 6. Nge2 O-O 7. O-O c6 8. Bf4 Bg4 9. f3 Bh5 10. Qd2 Bg6 11. Rfe1 Qc7 12. g4 Nbd7 13. h4 Bxd3 14. cxd3 Rfe8 15. Bxd6 Qxd6 16. Nf4 Nf8 17. g5 N6d7 18.
h5 Ne6 19. Nxe6 Rxe6 20. Qh2 Qe7 21. Rxe6 Qxg5+ 22. Kh1 fxe6 23. Rg1 Qf5 24. Rg3 Nf6 25. h6 g6 26. Qe2 Nh5 27. Rg2 Nf4 28. Qf2 Nxg2 29.
Qxg2 Rf8 0-1